 Dungeon Crawl Stone Soup version 0.19.5 (webtiles) character file.

8344 ghjk the Cleaver (level 11, -8/99 HPs)
             Began as a Minotaur Fighter on Apr 24, 2017.
             Was an Elder of Okawaru.
             Mangled by an orc warrior
             ... wielding a +0 trident
              (21 damage)
             ... on level 10 of the Dungeon.
             The game lasted 00:21:00 (10964 turns).

ghjk the Cleaver (Minotaur Fighter)                Turns: 10964, Time: 00:21:00

Health: -8/99      AC: 12    Str: 27    XL:     11   Next: 8%
Magic:  10/10      EV: 14    Int: 11    God:    Okawaru [****..]
Gold:   747        SH: 12    Dex:  9    Spells: 0 memorised, 10 levels left

rFire  . . .     SeeInvis .     a - +1 war axe
rCold  + + .     Gourm    .     b - +0 scale mail
rNeg   . . .     Faith    +     c - +0 shield
rPois  .         Spirit   .     (helmet restricted)
rElec  .         Reflect  .     C - +0 cloak of the Game of Kings {rC++ Str+2 Stlth-}
rCorr  .         Harm     .     (no gloves)
MR     .....                    y - +0 pair of boots
Stlth  ..........               v - amulet of faith
                                x - +6 ring of intelligence
                                w - +3 ring of evasion

@: no status effects
A: retaliatory headbutt, horns 2, rugged brown scales 1
a: Heroism, Renounce Religion


You were on level 10 of the Dungeon.
You worshipped Okawaru.
Okawaru was greatly pleased with you.
You were not hungry.

You visited 2 branches of the dungeon, and saw 11 of its levels.
You also visited: Sewer.

You collected 747 gold pieces.

Inventory:

Hand Weapons
 a - a +1 war axe (weapon)
 S - a +2 hand axe of flaming
Armour
 b - a +0 scale mail (worn)
 c - a +0 shield (worn)
 u - a +0 plate armour
 y - a +0 pair of boots (worn)
 C - the +0 cloak of the Game of Kings (worn) {rC++ Str+2 Stlth-}
   (You acquired it on level 8 of the Dungeon)

   It affects your strength (+2).
   It greatly protects you from cold.
   It makes you less stealthy.
 N - a +1 cloak
Jewellery
 h - an uncursed amulet of regeneration
 n - an uncursed ring of flight {unknown}
 v - an amulet of faith (around neck)
 w - a +3 ring of evasion (left hand)
 x - a +6 ring of intelligence (right hand)
 A - an uncursed ring of teleportation
 B - an uncursed ring of magical power {unknown}
 K - the ring "Sodetinn" {rPois rC+ Dex+5 SInv Stlth-, unknown}
   (You found it on level 10 of the Dungeon)

   [ring of see invisible]

   It affects your dexterity (+5).
   It protects you from cold.
   It protects you from poison.
   It lets you see invisible.
   It makes you less stealthy.
 M - an uncursed ring of wizardry {unknown}
 R - a cursed amulet of inaccuracy {unknown}
Wands
 d - a wand of flame (17/48)
 q - a wand of digging (20/24)
 D - a wand of polymorph (0/24)
 H - a wand of paralysis (8/24)
Scrolls
 g - 4 scrolls of teleportation
 j - 6 scrolls of magic mapping
 k - 5 scrolls of remove curse
 o - 4 scrolls of recharging
 G - 3 scrolls of amnesia
Potions
 e - a potion of resistance
 i - 3 potions of agility
 l - 3 potions of lignification
 m - a potion of flight {unknown}
 p - a potion of cancellation {unknown}
 r - a potion of haste
 t - a potion of berserk rage {unknown}
 z - 2 potions of brilliance {unknown}
 E - 4 potions of degeneration
 F - a potion of beneficial mutation
 J - a potion of invisibility {unknown}
 L - a potion of might
Books
 s - a book of Flames

   Spells                             Type                      Level
   a - Flame Tongue                   Conjuration/Fire             1
   b - Throw Flame                    Conjuration/Fire             2
   c - Conjure Flame                  Conjuration/Fire             3
   d - Inner Flame                    Hexes/Fire                   3
   e - Sticky Flame                   Conjuration/Fire             4
   f - Fireball                       Conjuration/Fire             5
Comestibles
 f - 8 bread rations
 I - 5 meat rations
 O - 7 fruits
 P - 3 slices of pizza


   Skills:
 + Level 9.0 Fighting
 + Level 13.4 Axes
 + Level 8.7 Armour
 + Level 5.3 Dodging
 - Level 1.1 Stealth
 - Level 9.0 Shields
 - Level 1.0 Unarmed Combat


You had 10 spell levels left.
You didn't know any spells.

Dungeon Overview and Level Annotations

Branches:
Dungeon (10/15)            Temple (1/1) D:7             Orc (0/2) D:10
   Lair: D:8-11

Altars:
Ashenzari
Cheibriados
Dithmenos
Elyvilon
Fedhas
Gozag
Hepliaklqana
Kikubaaqudgha
Makhleb
Nemelex Xobeh
Okawaru
Qazlal
Ru
Sif Muna
Trog
Uskayaw
Vehumet
Xom
Yredelemnul
Zin
The Shining One


Innate Abilities, Weirdness & Mutations

You reflexively headbutt those who attack you in melee.
You have a pair of horns on your head.
You are partially covered in rugged brown scales. (AC +1, +3% HP)


Message History

The orc warrior is almost dead.
You hit the orc priest. The orc warrior closely misses you.
You block the orc priest's attack.
Unknown command.
You closely miss the orc warrior. Your headbutt misses the orc warrior.
The orc warrior is almost dead.
You hit the orc priest but do no damage.
You block the orc warrior's attack.
The orc warrior hits you from afar with a trident!!
* * * LOW HITPOINT WARNING * * *
You block the orc priest's attack.
You are too injured to fight recklessly!
Unknown command.
You are too injured to fight recklessly!
Unknown command.
You slash the orc priest!
The orc priest is almost dead.
Your shield and scale mail prevent you from hitting the orc warrior.
The orc warrior hits you from afar with a trident!!
You die...

####.#.##.# #.#
.###.#.##.# #.# ###
.......##.# #.# #..
.###.####.# #.# #####.#
## ###
###################......
.................#####.#
.....o.).........# #.#
>....o##o[....(..### #.#
.....oo@.%.........###.#
......))......#..#.....#
..............#..###.###
.................# #.#
####################.###
#....#... #.####.### #.#
#>......<.. ## #.#
.######.#.#


You could see 2 orc warriors, an orc priest and an orc.

Vanquished Creatures
  A hydra (D:9)
  Pikel (D:6)
  The ghost of salade2fruit the Slasher, a novice OpBe of Trog (D:5)
  4 molten gargoyles
  Grinder (D:6)
  2 dream sheep (D:9)
  Sigmund (D:3)
  2 yaks (D:9)
  A wyvern (D:9)
  4 hungry ghosts
  A swamp drake (D:10)
  Purgy (Sewer)
  3 orc warriors
  A sky beast (D:9)
  A black bear (D:10)
  2 phantoms
  3 ice beasts
  3 ogres
  2 centaurs
  6 big kobolds
  3 bullfrogs
  A gnoll sergeant (D:10)
  5 howler monkeys
  A bullfrog zombie (D:6)
  7 crimson imps
  3 hounds
  A quasit (D:10)
  3 centaur skeletons
  A jelly (D:10)
  A bullfrog skeleton (D:5)
  A gnoll shaman (D:8)
  7 orc priests
  Ijyb (D:3)
  An iguana (D:9)
  5 orc wizards
  8 worker ants
  A killer bee zombie (D:9)
  2 hound zombies (D:7)
  2 hound skeletons (D:4)
  14 gnolls
  A worker ant zombie (D:5)
  8 adders
  2 shadow imps
  2 oozes
  An adder zombie (D:8)
  3 adder skeletons
  2 dart slugs
  8 leopard geckos
  31 orcs
  12 bats
  10 giant cockroaches
  9 goblins
  10 hobgoblins
  9 jackals
  3 quokkas
  A ball python (D:4)
  6 frilled lizards
  A jackal skeleton (D:5)
  25 kobolds
  A quokka skeleton (D:10)
  5 rats
259 creatures vanquished.

Vanquished Creatures (others)
  A plant (D:9)
1 creature vanquished.

Grand Total: 260 creatures vanquished

Notes
Turn   | Place    | Note
-------+----------+-------------------------------------------
     0 | D:1      | ghjk the Minotaur Fighter began the quest for the Orb.
     0 | D:1      | Reached XP level 1. HP: 19/19 MP: 0/0
   149 | D:1      | Reached XP level 2. HP: 27/27 MP: 1/1
   398 | D:1      | Found a shimmering altar of Xom.
   567 | D:1      | Reached XP level 3. HP: 33/33 MP: 2/2
   753 | D:2      | Found an opulent altar of Gozag.
   988 | D:2      | Reached skill level 3 in Axes
  1301 | D:2      | Reached XP level 4. HP: 40/40 MP: 3/3
  1433 | D:3      | Noticed Ijyb
  1441 | D:3      | Killed Ijyb
  1511 | D:3      | Reached skill level 1 in Dodging
  1587 | D:3      | Found a shattered altar of Ashenzari.
  1823 | D:3      | Reached skill level 4 in Axes
  1823 | D:3      | Reached XP level 5. HP: 32/46 MP: 4/4
  2134 | D:3      | Noticed Sigmund
  2211 | D:3      | You fall through a shaft for 3 floors!
  2211 | D:6      | Found a glowing drain.
  2241 | Sewer    | Entered a sewer
  2270 | Sewer    | Noticed Purgy
  2273 | Sewer    | Gained mutation: You are partially covered in rugged brown scales. (AC +1, +3% HP) [potion of beneficial mutation]
  2287 | Sewer    | Killed Purgy
  2287 | Sewer    | Reached skill level 5 in Axes
  2287 | Sewer    | Reached skill level 5 in Shields
  2287 | Sewer    | Reached XP level 6. HP: 32/54 MP: 5/5
  2558 | D:6      | Reached skill level 5 in Armour
  2599 | D:5      | Entered Level 5 of the Dungeon
  2966 | D:5      | Noticed an ice beast
  2998 | D:5      | Killed an ice beast
  2998 | D:5      | Reached skill level 6 in Axes
  2998 | D:5      | Reached XP level 7. HP: 61/61 MP: 6/6
  3448 | D:4      | Found a snail-covered altar of Cheibriados.
  3455 | D:4      | Reached skill level 5 in Fighting
  3455 | D:4      | Reached skill level 7 in Axes
  3676 | D:4      | Reached XP level 8. HP: 62/71 MP: 7/7
  3914 | D:3      | Killed Sigmund
  3914 | D:3      | Reached skill level 8 in Axes
  4561 | D:5      | Found a faded altar of an unknown god.
  4561 | D:5      | Found a faded altar of an unknown god.
  4561 | D:5      | Noticed salade2fruit's ghost (novice OpBe)
  4577 | D:5      | Killed salade2fruit's ghost
  4577 | D:5      | Reached skill level 9 in Axes
  4577 | D:5      | Reached skill level 1 in Stealth
  4577 | D:5      | Reached skill level 1 in Unarmed Combat
  4585 | D:5      | Found a faded altar of an unknown god.
  4587 | D:5      | Found a stormy altar of Qazlal.
  4589 | D:5      | Found a faded altar of an unknown god.
  4769 | D:6      | Noticed Pikel
  4786 | D:6      | Killed Pikel
  4786 | D:6      | Reached XP level 9. HP: 70/80 MP: 8/8
  4956 | D:6      | Found a hide-covered altar of Uskayaw.
  5028 | D:6      | Noticed Grinder
  5029 | D:6      | Found a shadowy altar of Dithmenos.
  5033 | D:6      | Killed Grinder
  5033 | D:6      | Reached skill level 10 in Axes
  5182 | D:7      | Found a glowing silver altar of Zin.
  5216 | D:7      | Found a shattered altar of Ashenzari.
  5875 | D:7      | Found a staircase to the Ecumenical Temple.
  5882 | Temple   | Entered the Ecumenical Temple
  6087 | Temple   | Became a worshipper of Warmaster Okawaru
  6514 | D:8      | Found a shimmering altar of Xom.
  6533 | D:8      | Identified a scroll of acquirement
  6534 | D:8      | Got a heavily runed cloak
  6547 | D:8      | Identified the +0 cloak of the Game of Kings {rC++ Str+2 Stlth-} (You acquired it on level 8 of the Dungeon)
  6656 | D:8      | Reached * piety under Okawaru
  7425 | D:9      | Reached skill level 11 in Axes
  7515 | D:9      | Reached XP level 10. HP: 68/88 MP: 9/9
  7524 | D:9      | Reached ** piety under Okawaru
  7909 | D:9      | Found a basalt altar of Yredelemnul.
  7940 | D:9      | Reached skill level 5 in Dodging
  8152 | D:9      | Noticed a three-headed hydra
  8174 | D:9      | Killed a one-headed hydra
  8174 | D:9      | Reached *** piety under Okawaru
  8174 | D:9      | Reached skill level 12 in Axes
  8358 | D:10     | Entered Level 10 of the Dungeon
  8362 | D:10     | Noticed a molten gargoyle
  8529 | D:10     | Noticed a molten gargoyle
  8886 | D:10     | Found an opulent altar of Gozag.
  8898 | D:10     | Noticed a molten gargoyle
  8902 | D:10     | Noticed a molten gargoyle
  8961 | D:10     | HP: 4/90 [ogre/giant spiked club (28)]
  9515 | D:9      | Killed a molten gargoyle
  9704 | D:10     | Reached **** piety under Okawaru
  9704 | D:10     | Reached skill level 13 in Axes
  9980 | D:10     | Killed a molten gargoyle
 10268 | D:10     | Got a heavily runed golden ring
 10304 | D:10     | Killed a molten gargoyle
 10304 | D:10     | Reached XP level 11. HP: 23/97 MP: 10/10
 10945 | D:10     | Found a staircase to the Orcish Mines.
 10964 | D:10     | Mangled by an orc warrior

Skill      XL: |  1  2  3  4  5  6  7  8  9 10 11 |
---------------+----------------------------------+-----
Armour         | 4 5 7 8 |  8.7
Fighting       | 4 5 6 7 8 9 |  9.0
Shields        | 4 5 6 7 9 |  9.0
Axes           | 3 4 5 6 7 9 11 13 | 13.4
Dodging        | 1 2 3 4 5 |  5.3
Stealth        | 1 |  1.1
Unarmed Combat | 1 |  1.0

Action                   |  1- 3 |  4- 6 |  7- 9 | 10-12 || total
-------------------------+-------+-------+-------+-------++-------
Melee: War axe           |    94 |   150 |   340 |   179 ||   763
       Headbutt          |    13 |    15 |    56 |    48 ||   132
       Unarmed           |       |     2 |     6 |       ||     8
       Hand axe          |       |       |       |     3 ||     3
Invok: Heroism           |       |       |       |     2 ||     2
  Use: Scroll            |       |     4 |    15 |     5 ||    24
       Potion            |       |     3 |     1 |     4 ||     8
  Eat: Chunk             |     1 |     3 |     4 |     1 ||     9
       Fruit             |       |     2 |    12 |     5 ||    19
       Royal jelly       |       |       |     1 |     1 ||     2
       Meat ration       |       |       |     1 |       ||     1
       Pizza             |       |       |       |     3 ||     3
Armor: Scale mail        |    30 |    66 |    87 |    32 ||   215
       Skin              |       |       |     6 |       ||     6
Dodge: Dodged            |    42 |    68 |   149 |    83 ||   342
Block: Shield            |    54 |    94 |   171 |    72 ||   391
